BLB
INDIANAPOLIS CLOWNS @ DALLAS DRILLERS
03/07/2060
 
TOP OF THE 1ST
Indianapolis Clowns batting - Pitching for Dallas Drillers : LHP Benjamin Racek
Pitching: LHP Benjamin Racek
Batting: RHB Nick Edwards 0-0: Called Strike
0-1: Called Strike
0-2: Strikes out swinging
Batting: LHB Casey Courtney 0-0: Ball
1-0: Called Strike
1-1: Ball
2-1: Swinging Strike
2-2: Foul Ball, location: 2F
2-2: Strikes out swinging
Batting: SHB Darren Lane 0-0: Called Strike
0-1: Ground out 6-3 (Groundball, 6, EV 85.0 MPH)
Top of the 1st over - 0 runs, 0 hits, 0 errors, 0 left on base; Indianapolis 0 - Dallas 0
BOTTOM OF THE 1ST
Dallas Drillers batting - Pitching for Indianapolis Clowns : RHP Donovan Hicks
Pitching: RHP Donovan Hicks
Batting: RHB Maurice Johnson 0-0: Ground out 6-3 (Groundball, 6S, EV 64.4 MPH)
Batting: RHB Aubrey Albano 0-0: Called Strike
0-1: Ball
1-1: Foul Ball, location: 2F
1-2: Foul Ball, location: 2F
1-2: Ball
2-2: Strikes out swinging, 2-3 out at first.
Batting: LHB Lukas Hart 0-0: Foul Ball, location: 2F
0-1: Swinging Strike
0-2: Ball
1-2: Strikes out swinging
Bottom of the 1st over - 0 runs, 0 hits, 0 errors, 0 left on base; Indianapolis 0 - Dallas 0
TOP OF THE 2ND
Indianapolis Clowns batting - Pitching for Dallas Drillers : LHP Benjamin Racek
Batting: RHB Kristian LeDoux 0-0: Swinging Strike
0-1: Hit by Pitch
Batting: RHB Tai de Bruijn 0-0: Grounds into double play, 6-4-3 (Groundball, 6, EV 100.0 MPH)
Batting: RHB Jett Speer 0-0: Called Strike
0-1: Foul Ball, location: 2F
0-2: Ball
1-2: Ball
2-2: Ball
3-2: Base on Balls
Batting: LHB Delano Hurme 0-0: Called Strike
0-1: Foul Ball, location: 2F
0-2: Foul Ball, location: 2F
0-2: Foul Ball, location: 2F
0-2: Ball
1-2: Strikes out swinging
Top of the 2nd over - 0 runs, 0 hits, 0 errors, 1 left on base; Indianapolis 0 - Dallas 0
BOTTOM OF THE 2ND
Dallas Drillers batting - Pitching for Indianapolis Clowns : RHP Donovan Hicks
Batting: LHB Ed Baker 0-0: Ball
1-0: Foul Ball, location: 2F
1-1: Ball
2-1: Foul Ball, location: 2F
2-2: Foul Ball, location: 2F
2-2: Foul Ball, location: 2F
2-2: Foul Ball, location: 2F
2-2: Ball
3-2: SINGLE (Line Drive, 34D, EV 94.4 MPH)
Batting: RHB Latif Won 0-0: Swinging Strike
0-1: Fly out, F8 (Flyball, 8RM, EV 74.4 MPH)
Batting: LHB Kade Cotto 0-0: Ball
1-0: Called Strike
1-1: Swinging Strike
1-2: Fly out, F7 (Flyball, 78M, EV 88.8 MPH)
Batting: RHB Jehvon Curry 0-0: Ball
1-0: Foul Ball, location: 2F
1-1: Called Strike
1-2: Ball
2-2: Ground out 5-3 (Groundball, 56S, EV 66.2 MPH)
Bottom of the 2nd over - 0 runs, 1 hit, 0 errors, 1 left on base; Indianapolis 0 - Dallas 0
TOP OF THE 3RD
Indianapolis Clowns batting - Pitching for Dallas Drillers : LHP Benjamin Racek
Batting: RHB Lee Vincent 0-0: Swinging Strike
0-1: Ground out 6-3 (Groundball, 6, EV 100.6 MPH)
Batting: RHB Luke Heap 0-0: Ball
1-0: Swinging Strike
1-1: Foul Ball, location: 2F
1-2: Ball
2-2: SINGLE (Groundball, 6MD, EV 96.9 MPH)
Batting: RHB Nick Edwards Pickoff Throw to First - Error! E1
Luke Heap to second
0-0: Ball
1-0: Swinging Strike
1-1: Ball
2-1: Called Strike
2-2: Ball
3-2: Foul Ball, location: 2F
3-2: Hit by Pitch
Batting: LHB Casey Courtney 0-0: Called Strike
0-1: Foul Ball, location: 2F
0-2: Foul Ball, location: 2F
0-2: Foul Ball, location: 2F
0-2: Ball
1-2: Strikes out looking
Batting: SHB Darren Lane 0-0: Called Strike
0-1: Foul Ball, location: 2F
0-2: Ball
1-2: Foul Ball, location: 2F
1-2: Foul Ball, location: 2F
1-2: Ball
2-2: Ball
3-2: Ground out 4-3 (Groundball, 4, EV 103.1 MPH)
Top of the 3rd over - 0 runs, 1 hit, 1 error, 2 left on base; Indianapolis 0 - Dallas 0
BOTTOM OF THE 3RD
Dallas Drillers batting - Pitching for Indianapolis Clowns : RHP Donovan Hicks
Batting: RHB Sean Kovacevic 0-0: Ball
1-0: Ball
2-0: Ball
3-0: Called Strike
3-1: Called Strike
3-2: Strikes out swinging
Batting: LHB Kagan Abbasi 0-0: Foul Ball, location: 2F
0-1: Ball
1-1: Hit by Pitch
Batting: RHB Maurice Johnson 0-0: Swinging Strike
0-1: Swinging Strike
0-2: Ball
Kagan Abbasi steals 2nd base
1-2: Ball
2-2: Ball
3-2: Base on Balls
Batting: RHB Aubrey Albano 0-0: Ball
1-0: DOUBLE (Groundball, 5L, EV 95.6 MPH)
Kagan Abbasi scores
Maurice Johnson to third
Runner from 3rd tries for Home, throw by LF and OUT! 7-6-2
Batting: LHB Lukas Hart 0-0: Ball
1-0: Ball
2-0: Called Strike
2-1: 2-RUN HOME RUN (Flyball, 9D, EV 98.1 MPH), Distance : 379 ft
Batting: LHB Ed Baker 0-0: Foul Ball, location: 2F
0-1: Ball
1-1: Swinging Strike
1-2: Strikes out swinging
Bottom of the 3rd over - 3 runs, 2 hits, 0 errors, 0 left on base; Indianapolis 0 - Dallas 3
TOP OF THE 4TH
Indianapolis Clowns batting - Pitching for Dallas Drillers : LHP Benjamin Racek
Batting: RHB Kristian LeDoux 0-0: Ground out U3 (Groundball, 34S, EV 90.0 MPH)
Batting: RHB Tai de Bruijn 0-0: Ball
1-0: Ball
2-0: Ball
3-0: Called Strike
3-1: Fly out, F8 (Flyball, 8RD, EV 92.5 MPH)
Batting: RHB Jett Speer 0-0: Ball
1-0: Ball
2-0: Ball
3-0: Foul Ball, location: 2F
3-1: Foul Ball, location: 2F
3-2: Base on Balls
Batting: LHB Delano Hurme 0-0: Ball
1-0: Foul Ball, location: 2F
1-1: Ball
2-1: Foul Ball, location: 2F
2-2: Ball
3-2: SINGLE (Line Drive, 8RS, EV 112.5 MPH)
Jett Speer to second
Jett Speer to third
Batting: RHB Lee Vincent 0-0: Called Strike
0-1: Ball
1-1: Ball
2-1: Foul Ball, location: 2F
2-2: Ball
3-2: Strikes out swinging
Top of the 4th over - 0 runs, 1 hit, 0 errors, 2 left on base; Indianapolis 0 - Dallas 3
BOTTOM OF THE 4TH
Dallas Drillers batting - Pitching for Indianapolis Clowns : RHP Donovan Hicks
Batting: RHB Latif Won 0-0: Called Strike
0-1: Ball
1-1: Ball
2-1: Ball
3-1: Foul Ball, location: 2F
3-2: Base on Balls
Batting: LHB Kade Cotto 0-0: Foul Ball, location: 2F
0-1: Swinging Strike
0-2: Strikes out swinging
Batting: RHB Jehvon Curry 0-0: 2-RUN HOME RUN (Flyball, 7D, EV 100.0 MPH), Distance : 386 ft
Batting: RHB Sean Kovacevic 0-0: Ball
1-0: Ground out 6-3 (Groundball, 6, EV 84.4 MPH)
Batting: LHB Kagan Abbasi 0-0: Ball
1-0: Swinging Strike
1-1: Ground out 4-3 (Groundball, 4, EV 81.2 MPH)
Bottom of the 4th over - 2 runs, 1 hit, 0 errors, 0 left on base; Indianapolis 0 - Dallas 5
TOP OF THE 5TH
Indianapolis Clowns batting - Pitching for Dallas Drillers : LHP Benjamin Racek
Pitching: RHP Garrison Hughes
Now at C: Donovan Bergin
Batting: RHB Luke Heap 0-0: Foul Ball, location: 2F
0-1: Ball
1-1: Foul Ball, location: 2F
1-2: SINGLE (Groundball, 6D, EV 97.5 MPH)
Batting: RHB Nick Edwards 0-0: Ball
1-0: Called Strike
1-1: Ball
2-1: Grounds into double play, 4-6-3 (Groundball, 34, EV 111.9 MPH)
Pinch Hitting: RHB Gage Hay 0-0: Foul Ball, location: 2F
0-1: Swinging Strike
0-2: Ball
1-2: Ball
2-2: SINGLE (Groundball, 6MD, EV 95.0 MPH)
Pinch Hitting: RHB Blaise McFarland 0-0: Called Strike
0-1: Fielders Choice at 2nd, 5-4 (Groundball, 56, EV 97.5 MPH)
Top of the 5th over - 0 runs, 2 hits, 0 errors, 1 left on base; Indianapolis 0 - Dallas 5
BOTTOM OF THE 5TH
Dallas Drillers batting - Pitching for Indianapolis Clowns : RHP Donovan Hicks
Now at C: John Jones
Now at 2B: Gage Hay
Now at 3B: Blaise McFarland
Now in LF: Kristian LeDoux
Now in RF: Elias Owen
Pinch Hitting: SHB Cooper Heizer 0-0: Foul Ball, location: 2F
0-1: Ground out 6-3 (Groundball, 6, EV 103.8 MPH)
Batting: RHB Aubrey Albano 0-0: Foul Ball, location: 2F
0-1: Ball
1-1: Ball
2-1: Foul Ball, location: 2F
2-2: Foul Ball, location: 2F
2-2: Foul Ball, location: 2F
2-2: Foul Ball, location: 2F
2-2: SINGLE (Line Drive, 8LS, EV 96.9 MPH)
Pitching: RHP Garrick Tso
Batting: LHB Lukas Hart 0-0: Ball
1-0: Ground out 4-3 (Groundball, 34, EV 101.9 MPH)
Aubrey Albano to second
Batting: LHB Ed Baker 0-0: Called Strike
0-1: Foul Ball, location: 2F
0-2: Ball
1-2: Foul Ball, location: 2F
1-2: Foul Ball, location: 2F
1-2: Ball
2-2: Strikes out swinging
Bottom of the 5th over - 0 runs, 1 hit, 0 errors, 1 left on base; Indianapolis 0 - Dallas 5
TOP OF THE 6TH
Indianapolis Clowns batting - Pitching for Dallas Drillers : RHP Garrison Hughes
Now at 1B: Dooley Nagelhout
Now at SS: Cooper Heizer
Pinch Hitting: RHB Bryant Francis 0-0: Ball
1-0: Foul Ball, location: 2F
1-1: Ball
2-1: Called Strike
2-2: Ball
3-2: Strikes out looking
Pinch Hitting: LHB Sean Hayward 0-0: Called Strike
0-1: Ball
1-1: Swinging Strike
1-2: Foul Ball, location: 2F
1-2: Fly out, F7 (Flyball, 7D, EV 87.5 MPH)
Batting: RHB Isaac Rowe 0-0: Ball
1-0: Foul Ball, location: 2F
1-1: Ball
2-1: Ground out 5-3 (Groundball, 56S, EV 76.2 MPH)
Top of the 6th over - 0 runs, 0 hits, 0 errors, 0 left on base; Indianapolis 0 - Dallas 5
BOTTOM OF THE 6TH
Dallas Drillers batting - Pitching for Indianapolis Clowns : RHP Garrick Tso
Pitching: LHP Ralph Shields
Now at 1B: Sean Hayward
Now at SS: Jared Bradley
Now in LF: Bryant Francis
Batting: RHB Dooley Nagelhout 0-0: Swinging Strike
0-1: Called Strike
0-2: Strikes out swinging
Batting: RHB Ja'Quan McLaren 0-0: Ball
1-0: Ball
2-0: Foul Ball, location: 2F
2-1: Swinging Strike
2-2: Foul Ball, location: 2F
2-2: Strikes out swinging
Pinch Hitting: RHB Sylvan Troke 0-0: Called Strike
0-1: Ball
1-1: Called Strike
1-2: Fly out, F7 (Flyball, 7, EV 86.9 MPH)
Bottom of the 6th over - 0 runs, 0 hits, 0 errors, 0 left on base; Indianapolis 0 - Dallas 5
TOP OF THE 7TH
Indianapolis Clowns batting - Pitching for Dallas Drillers : RHP Garrison Hughes
Pitching: RHP Mason Worth
Now at 2B: Tito Monyagishali
Now at 3B: Sylvan Troke
Batting: LHB Delano Hurme 0-0: Ball
1-0: SINGLE (Groundball, 34D, EV 103.1 MPH)
Batting: LHB Elias Owen 0-0: Ball
1-0: Grounds into double play, 4-6-3 (Groundball, 4M, EV 90.0 MPH)
Batting: RHB John Jones 0-0: Ball
1-0: Called Strike
1-1: Ground out 4-3 (Groundball, 4M, EV 86.9 MPH)
Top of the 7th over - 0 runs, 1 hit, 0 errors, 0 left on base; Indianapolis 0 - Dallas 5
BOTTOM OF THE 7TH
Dallas Drillers batting - Pitching for Indianapolis Clowns : LHP Ralph Shields
Pitching: RHP Jaden Froman
Batting: RHB Donovan Bergin 0-0: SINGLE (Groundball, 34D, EV 108.1 MPH)
Pinch Hitting: RHB Pat Trumbo 0-0: Ball
1-0: Foul Ball, location: 2F
1-1: Ball
2-1: Reached on error, E5 (Groundball, 56, EV 108.8 MPH)
Donovan Bergin to second
Batting: SHB Cooper Heizer 0-0: Ball
1-0: Ball
2-0: Sac Bunt to 23 - play at first, batter OUT! 3-4
Donovan Bergin to third
Pat Trumbo to second
Batting: LHB Tito Monyagishali 0-0: Called Strike
0-1: Called Strike
0-2: Strikes out swinging
Pinch Hitting: LHB Tony May 0-0: Ball
1-0: Foul Ball, location: 2F
1-1: Ball
2-1: 3-RUN HOME RUN (Flyball, 7D, EV 97.5 MPH), Distance : 383 ft
Pinch Hitting: LHB Stephen Snowbarger 0-0: Foul Ball, location: 2F
0-1: Fly out, F7 (Flyball, 7S, EV 85.0 MPH)
Bottom of the 7th over - 3 runs, 2 hits, 1 error, 0 left on base; Indianapolis 0 - Dallas 8
TOP OF THE 8TH
Indianapolis Clowns batting - Pitching for Dallas Drillers : RHP Mason Worth
Now in LF: Stephen Snowbarger
Now in CF: Raymond Crisp
Now in RF: Pat Trumbo
Batting: RHB Jared Bradley 0-0: Foul Ball, location: 2F
0-1: Ball
1-1: Swinging Strike
1-2: Strikes out looking
Batting: RHB Gage Hay 0-0: Ball
1-0: Foul Ball, location: 2F
1-1: DOUBLE (Line Drive, 9LS, EV 104.4 MPH)
Batting: RHB Blaise McFarland 0-0: Ball
1-0: Ball
2-0: Ball
3-0: Called Strike
3-1: Fly out, F8 (Flyball, 8RM, EV 86.9 MPH)
Pitching: LHP Xander Crosby
Batting: RHB Bryant Francis 0-0: Swinging Strike
0-1: Swinging Strike
0-2: Strikes out swinging
Top of the 8th over - 0 runs, 1 hit, 0 errors, 1 left on base; Indianapolis 0 - Dallas 8
BOTTOM OF THE 8TH
Dallas Drillers batting - Pitching for Indianapolis Clowns : RHP Jaden Froman
Pitching: RHP Nolan Olinger
Batting: RHB Dooley Nagelhout 0-0: Ball
1-0: Foul Ball, location: 2F
1-1: Foul Ball, location: 2F
1-2: DOUBLE (Line Drive, 9LD, EV 106.9 MPH)
Batting: RHB Ja'Quan McLaren 0-0: Ball
1-0: Swinging Strike
1-1: Foul Ball, location: 2F
1-2: Strikes out swinging
Batting: RHB Sylvan Troke 0-0: Foul Ball, location: 2F
0-1: SINGLE (Groundball, 56D, EV 94.4 MPH)
Dooley Nagelhout to third
Batting: RHB Donovan Bergin 0-0: Ball
1-0: Foul Ball, location: 2F
1-1: Foul Ball, location: 2F
1-2: Ball
2-2: Grounds into double play, 3-6-3 (Groundball, 34, EV 88.1 MPH)
Bottom of the 8th over - 0 runs, 2 hits, 0 errors, 1 left on base; Indianapolis 0 - Dallas 8
TOP OF THE 9TH
Indianapolis Clowns batting - Pitching for Dallas Drillers : LHP Xander Crosby
Pitching: RHP Henry Kemp
Batting: LHB Sean Hayward 0-0: Ball
1-0: Ball
2-0: Foul Ball, location: 2F
2-1: Foul Ball, location: 2F
2-2: Ball
3-2: Foul Ball, location: 2F
3-2: Foul Ball, location: 2F
3-2: Base on Balls
Batting: RHB Isaac Rowe 0-0: Ball
1-0: Ball
2-0: Foul Ball, location: 2F
2-1: Ball
3-1: Foul Ball, location: 2F
3-2: DOUBLE (Line Drive, 9LM, EV 93.1 MPH)
Sean Hayward to third
Batting: LHB Delano Hurme 0-0: Called Strike
0-1: Foul Ball, location: 2F
0-2: Ball
1-2: Ball
2-2: DOUBLE (Flyball, 78XD, EV 108.1 MPH)
Sean Hayward scores
Isaac Rowe scores
Batting: LHB Elias Owen 0-0: Ball
1-0: Called Strike
1-1: Swinging Strike
1-2: Foul Ball, location: 2F
1-2: Ground out 6-3 (Groundball, 6, EV 88.1 MPH)
Pinch Hitting: LHB Grady Faulkner 0-0: Swinging Strike
0-1: Foul Ball, location: 2F
0-2: Ball
1-2: Foul Ball, location: 2F
1-2: Foul Ball, location: 2F
1-2: Ball
2-2: Foul Ball, location: 2F
2-2: Strikes out swinging
Batting: RHB Jared Bradley 0-0: Ball
1-0: Foul Ball, location: 2F
1-1: Called Strike
1-2: Strikes out swinging
Top of the 9th over - 2 runs, 2 hits, 0 errors, 1 left on base; Indianapolis 2 - Dallas 8
Wednesday, April 17th , 2024 - OOTP Baseball 23.10 Build 110